 Dungeon Crawl Stone Soup version 0.27.1 (webtiles) character file.

Game seed: 17917785716811466934

2254 Renzlar the Shield-Bearer (level 9, -9/74 HPs)
             Began as a Gnoll Fighter on Aug 23, 2021.
             Was a Believer of Okawaru.
             Mangled by an ogre (23 damage)
             ... on level 6 of the Dungeon.
             The game lasted 00:23:26 (6920 turns).

Renzlar the Shield-Bearer (Gnoll Fighter)           Turns: 6920, Time: 00:23:27

Health: -9/74      AC: 15    Str: 23    XL:     9   Next: 37%
Magic:  13/15      EV: 11    Int:  8    God:    Okawaru [**....]
Gold:   1129       SH: 14    Dex: 13    Spells: 16/16 levels left

rFire    . . .     SeeInvis .   a - +0 long sword (flame)
rCold    . . .     Faith    .   w - +1 kite shield
rNeg     . . .     Spirit   .   t - +0 chain mail
rPois    .         Reflect  .   p - +0 helmet
rElec    .         Harm     .   (no cloak)
rCorr    .         Rampage  .   q - +0 pair of gloves
Will     +....                  (no boots)
Stlth    +.........             m - amulet of the acrobat
HPRegen  0.22/turn              v - ring of willpower
MPRegen  0.14/turn              z - ring "Cith" {Fly Str+6}

@: heroic, flying
A: fangs 1, strong nose, distributed training
a: Renounce Religion, Heroism


You were on level 6 of the Dungeon.
You worshipped Okawaru.
Okawaru was pleased with you.
You visited 2 branches of the dungeon, and saw 7 of its levels.

You collected 1129 gold pieces.

Inventory:

Hand Weapons
 a - a +0 long sword of flaming (weapon)
 c - a +0 hunting sling
 s - a +2 dagger of pain
Missiles
 h - 112 stones (quivered)
 i - 13 poisoned darts
 l - 15 bolts
 r - 2 throwing nets
Armour
 b - a +0 scale mail
 p - a +0 helmet (worn)
 q - a +0 pair of gloves (worn)
 t - a +0 chain mail (worn)
 w - a +1 kite shield (worn)
Jewellery
 m - an amulet of the acrobat (around neck)
 v - a ring of willpower (left hand)
 z - the ring "Cith" (right hand) {Fly Str+6}
   (You acquired it on level 5 of the Dungeon)

   [ring of flight]

   Str:       It affects your strength (+6).
   Fly:       It grants you flight.
Wands
 f - a wand of flame (16)
 n - a wand of paralysis (8)
 y - a wand of digging (7)
Scrolls
 o - a scroll of teleportation
 x - 4 scrolls of identify
Potions
 d - a potion of might
 e - a potion of brilliance
 g - 2 potions of mutation
 j - 2 potions of cancellation
 k - 2 potions of curing
 u - 4 potions of lignification


   Skills:
 + Level 7.8(12.8) Fighting
 + Level 4.2(9.2) Short Blades
 + Level 6.3(11.3) Long Blades
 + Level 4.2(9.2) Axes
 + Level 4.2(9.2) Maces & Flails
 + Level 4.2(9.2) Polearms
 + Level 4.2(9.2) Staves
 + Level 4.2(9.2) Slings
 + Level 4.2(9.2) Bows
 + Level 4.2(9.2) Crossbows
 + Level 4.2(9.2) Throwing
 + Level 7.8(12.8) Armour
 + Level 4.2(9.2) Dodging
 + Level 4.2(9.2) Stealth
 + Level 7.8(12.8) Shields
 + Level 4.2(9.2) Unarmed Combat
 + Level 4.2 Spellcasting
 + Level 3.4 Conjurations
 + Level 3.4 Hexes
 + Level 3.4 Summonings
 + Level 3.4 Necromancy
 + Level 3.4 Translocations
 + Level 3.4 Transmutations
 + Level 3.4 Fire Magic
 + Level 3.4 Ice Magic
 + Level 3.4 Air Magic
 + Level 3.4 Earth Magic
 + Level 3.4 Poison Magic
 + Level 4.6 Invocations
 + Level 4.2 Evocations


You had 16 spell levels left.
You didn't know any spells.
Your spell library contained the following spells:

 Spells                   Type           Power      Damage    Failure   Level
 Ensorcelled Hibernation  Hex/Ice        14%        N/A       56%         2
 Static Discharge         Conj/Air       7%         N/A       56%         2
 Spider Form              Tmut/Pois      3%         N/A       80%         3
 Dispel Undead            Necr           7%         3d8       99%         4
 Sticky Flame             Conj/Fire      7%         2d3       99%         4
 Shadow Creatures         Summ           N/A        N/A       100%        6


Dungeon Overview and Level Annotations

Branches:
Dungeon (6/15)             Temple (1/1) D:4

Altars:
Fedhas
Gozag
Kikubaaqudgha
Okawaru
Ru
Trog
The Shining One

Shops:
D:2 *


Innate Abilities, Weirdness & Mutations

You have very sharp teeth.
Your uncanny sense of smell can sniff out nearby items.
Your experience applies equally to all skills.


Message History

You hit the orc priest. You burn the orc priest.
The orc priest is moderately wounded.
You block the orc warrior's attack. The orc priest closely misses you.
You riposte.
You completely miss the orc priest.
You bite the orc priest, but do no damage.
The orc priest is moderately wounded.
The orc warrior completely misses you. You block the orc priest's attack.
You closely miss the orc priest.
The orc priest is moderately wounded.
The orc priest hits you but does no damage.
The orc warrior hits you with a +0 battleaxe!
You slash the orc priest! You burn the orc priest.
The orc priest is almost dead.
The orc priest hits you with a +1 falchion of flaming.
The orc priest burns you. You block the orc warrior's attack.
Things that are here:
a +0 club; an orc corpse You gain the combat prowess of a mighty hero.
You block the orc warrior's attack.
The orc priest invokes the aid of Beogh against you.
Beogh smites you!
* * * LOW HITPOINT WARNING * * *
You slash the orc warrior! You burn the orc warrior.
Your bite misses the orc warrior.
The orc warrior is severely wounded.
The orc warrior hits you with a +0 battleaxe!
* * * LOW HITPOINT WARNING * * *
You slash the orc warrior! You burn the orc warrior.
You kill the orc warrior!
Okawaru accepts your kill.
You barely miss the orc priest. Your bite misses the orc priest.
The orc priest is severely wounded.
You block the orc priest's attack.
You hit the orc priest. You burn the orc priest.
You kill the orc priest!
Okawaru accepts your kill.
You hit the ogre. You burn the ogre.
The ogre is moderately wounded.
The ogre hits you with a +0 giant spiked club!!
You die...

#.# ##.# #.#.##
######.# #.# #..
#......# #.# #.#
#.###### #.# #.#
#.#### #.# ##.##
#....#
#.###...##
####.#
#[.......# ###
########....#.#
∆
#..O@.........#
∆∆
#?(.######.###.#
#.... .## #..
#..... ∆ . ...
##.... . ##
##... ...# ....


You could see an ogre.

Vanquished Creatures
  Grinder (D:3)
  Sigmund (D:2)
  A water moccasin (D:3)
  Duvessa (D:4)
  An orc warrior (D:6)
  A black bear (D:6)
  A necrophage (D:6)
  4 ogres
  2 phantoms (D:5)
  A centaur (D:6)
  4 lemures (D:5)
  A gnoll sergeant (D:5)
  Dowan (D:4)
  A water moccasin skeleton (D:5)
  A centaur zombie (D:5)
  A bullfrog zombie (D:6)
  2 orc priests (D:6)
  Natasha (thrice) (D:3)
  A gnoll shaman (D:5)
  An orc wizard (D:6)
  Terence (D:3)
  3 iguanas
  10 gnolls
  12 adders
  A white imp (D:5)
  3 ufetubi
  An adder skeleton (D:4)
  3 worms
  4 dart slugs
  11 orcs
  8 ball pythons
  6 endoplasms
  4 giant cockroaches
  5 goblins
  5 hobgoblins
  3 jackals (D:3)
  2 quokkas
  9 bats
  A frilled lizard (D:1)
  7 kobolds
  6 rats
135 creatures vanquished.

Vanquished Creatures (others)
  A fungus (D:3)
1 creature vanquished.

Grand Total: 136 creatures vanquished

Notes
Turn   | Place    | Note
-------+----------+-------------------------------------------
     0 | D:1      | Renzlar the Gnoll Fighter began the quest for the Orb.
     0 | D:1      | Reached XP level 1. HP: 23/23 MP: 1/1
   188 | D:1      | Reached XP level 2. HP: 29/29 MP: 2/2
  1084 | D:2      | Reached XP level 3. HP: 35/35 MP: 3/3
  1161 | D:2      | Reached skill level 1 in Invocations
  1485 | D:2      | Reached skill level 1 in Short Blades
  1485 | D:2      | Reached skill level 1 in Axes
  1485 | D:2      | Reached skill level 1 in Maces & Flails
  1485 | D:2      | Reached skill level 1 in Polearms
  1485 | D:2      | Reached skill level 1 in Staves
  1485 | D:2      | Reached skill level 1 in Slings
  1485 | D:2      | Reached skill level 1 in Bows
  1485 | D:2      | Reached skill level 1 in Crossbows
  1485 | D:2      | Reached skill level 1 in Throwing
  1485 | D:2      | Reached skill level 1 in Dodging
  1485 | D:2      | Reached skill level 1 in Stealth
  1485 | D:2      | Reached skill level 1 in Unarmed Combat
  1485 | D:2      | Reached skill level 1 in Spellcasting
  1485 | D:2      | Reached skill level 1 in Evocations
  1675 | D:2      | Reached XP level 4. HP: 41/41 MP: 5/5
  1829 | D:2      | Found Peutilo's General Store.
  1928 | D:2      | Noticed Sigmund
  1960 | D:2      | Killed Sigmund
  1961 | D:2      | Reached skill level 1 in Conjurations
  1961 | D:2      | Reached skill level 1 in Hexes
  1961 | D:2      | Reached skill level 1 in Summonings
  1961 | D:2      | Reached skill level 1 in Necromancy
  1961 | D:2      | Reached skill level 1 in Translocations
  1961 | D:2      | Reached skill level 1 in Transmutations
  1961 | D:2      | Reached skill level 1 in Fire Magic
  1961 | D:2      | Reached skill level 1 in Ice Magic
  1961 | D:2      | Reached skill level 1 in Air Magic
  1961 | D:2      | Reached skill level 1 in Earth Magic
  1961 | D:2      | Reached skill level 1 in Poison Magic
  1961 | D:2      | Reached XP level 5. HP: 4/47 MP: 5/7
  1961 | D:2      | Reached XP level 6. HP: 5/53 MP: 5/8
  2513 | D:2      | Identified a scroll of acquirement
  2513 | D:2      | Acquired 877 gold pieces
  2580 | D:3      | Found a faded altar of an unknown god.
  2580 | D:3      | Noticed a water moccasin
  2582 | D:3      | Noticed Natasha
  2591 | D:3      | Killed a water moccasin
  2592 | D:3      | Reached skill level 5 in Long Blades
  2593 | D:3      | Killed Natasha
  2769 | D:3      | Noticed Natasha
  2779 | D:3      | Killed Natasha
  2855 | D:3      | Noticed Natasha
  2863 | D:3      | Killed Natasha
  2864 | D:3      | Reached XP level 7. HP: 54/59 MP: 10/10
  2940 | D:3      | Found a blossoming altar of Fedhas.
  2963 | D:3      | Noticed Terence
  2970 | D:3      | Killed Terence
  3042 | D:3      | Noticed Grinder
  3061 | D:3      | Killed Grinder
  3691 | D:4      | Found a staircase to the Ecumenical Temple.
  3710 | Temple   | Entered the Ecumenical Temple
  3734 | Temple   | Became a worshipper of Warmaster Okawaru
  3757 | D:4      | Paralysed by a hobgoblin for 7 turns
  4432 | D:4      | Reached XP level 8. HP: 67/67 MP: 12/12
  4637 | D:5      | Entered Level 5 of the Dungeon
  4637 | D:5      | Noticed Duvessa
  4637 | D:5      | Noticed Dowan
  4665 | D:4      | Killed Duvessa
  4669 | D:4      | Killed Dowan
  4851 | D:5      | Reached * piety under Okawaru
  5448 | D:5      | Identified the -6 helmet "Alix Nus" {rCorr}
  5494 | D:5      | Found a bloodstained altar of Trog.
  5609 | D:5      | Acquired the ring "Cith" {Fly Str+6}
  5790 | D:5      | Found a glowing golden altar of the Shining One.
  6194 | D:5      | Reached ** piety under Okawaru
  6414 | D:6      | Reached XP level 9. HP: 57/72 MP: 14/14
  6920 | D:6      | Mangled by an ogre

Illustrated notes

Levels and vault maps discovered:
D:1:      dpeg_arrival_orchard, layout_loops_corners
D:2:      layout_basic, serial_shops, nicolae_shop_behind_doors, uniq_sigmund
D:3:      layout_loops_ring, fedhas_altar_3,
          shapermc_ecumenical_altar_notcrosses, uniq_grinder, uniq_natasha,
          uniq_terence
D:4:      layout_loops_ring, minmay_temple_entry_mist, grunt_decor_one_mirror
D:5:      layout_rooms, lightli_temple_of_fire, mainiacjoe_overflow_alcove_2,
          uniq_pikel, uniq_duvessa
D:6:      layout_loops_ring, ebering_ghost_inner_flame
Temple:   oiseaux_autumnal_temple

Skill      XL: |  1  2  3  4  5  6  7  8  9 |
---------------+----------------------------+-----
Invocations    | 1 2 3 4 |  4.6
Short Blades   | 1 2 3 4 |  4.2
Axes           | 1 2 3 4 |  4.2
Maces & Flails | 1 2 3 4 |  4.2
Polearms       | 1 2 3 4 |  4.2
Staves         | 1 2 3 4 |  4.2
Slings         | 1 2 3 4 |  4.2
Bows           | 1 2 3 4 |  4.2
Crossbows      | 1 2 3 4 |  4.2
Throwing       | 1 2 3 4 |  4.2
Dodging        | 1 2 3 4 |  4.2
Stealth        | 1 2 3 4 |  4.2
Unarmed Combat | 1 2 3 4 |  4.2
Spellcasting   | 1 2 3 4 |  4.2
Evocations     | 1 2 3 4 |  4.2
Conjurations   | 1 2 3 |  3.4
Hexes          | 1 2 3 |  3.4
Summonings     | 1 2 3 |  3.4
Necromancy     | 1 2 3 |  3.4
Translocations | 1 2 3 |  3.4
Transmutations | 1 2 3 |  3.4
Fire Magic     | 1 2 3 |  3.4
Ice Magic      | 1 2 3 |  3.4
Air Magic      | 1 2 3 |  3.4
Earth Magic    | 1 2 3 |  3.4
Poison Magic   | 1 2 3 |  3.4
Long Blades    | 5 6 |  6.3
Fighting       | 7 |  7.8
Armour         | 7 |  7.8
Shields        | 7 |  7.8

Action                   |  1- 3 |  4- 6 |  7- 9 || total
-------------------------+-------+-------+-------++-------
Melee: Long sword        |    93 |    67 |   356 ||   516
       Bite              |     6 |     4 |    51 ||    61
 Fire: Hunting sling     |       |       |    76 ||    76
Throw: Stone             |    12 |    14 |    13 ||    39
Invok: Heroism           |       |       |     3 ||     3
Evoke: Wand              |       |       |     1 ||     1
  Use: Potion            |       |     1 |     1 ||     2
       Scroll            |       |    11 |     6 ||    17
Armor: Scale mail        |    43 |    18 |    31 ||    92
       Chain mail        |       |       |   103 ||   103
Dodge: Dodged            |    27 |    15 |   102 ||   144
Block: Kite shield       |    46 |    31 |   221 ||   298
       Rpst.: Long sword |     8 |     3 |    26 ||    37
